Map: Nekodrec EJ

Players

DieMan

  • Race: Protoss Protoss
  • Spawn Location: 12:00

Masaki - Winner!

  • Race: Zerg Zerg
  • Spawn Location: 11:00

Nokigamer - Winner!

  • Race: Terran Terran
  • Spawn Location: 11:00

IA (Difícil) 3 - Winner!

  • Race: Protoss Protoss
  • Spawn Location: 12:00

VOD

Have the link to the VOD?

Description

Time

  • Played on: Dec. 14, 2024, 12:03 p.m.
  • Length: 22:18
Show
View Real Time Build Order
Export as new Build Order

DieMan Protoss 

Build Orders:  

Get SALT Encoding   

  12  0:01  Probe  
  14  0:18  Probe  
  13  0:22  Pylon  
  14  0:49  Probe  
  15  0:50  Gateway  
  15  0:51  Assimilator  
  15  1:01  Probe  
  16  1:05  Pylon  
  16  1:21  Gateway  
  16  1:24  Pylon  
  16  1:25  Probe, Assimilator  
  17  1:39  Zealot  
  19  1:49  Probe  
  20  2:01  Cybernetics Core, Probe  
  21  2:10  Probe  
  22  2:37  Nexus, Zealot  
  22  2:39  Warp Gate  
  24  2:54  Pylon  
  24  2:58  Zealot  
  26  2:59  Pylon  
  26  3:06  Probe  
  27  3:18  Probe  
  28  3:32  Shield Battery  
  28  3:34  Stalker  
  28  3:35  Shield Battery  
  28  3:36  Stalker  
  28  3:40  Probe  
  32  3:45  Probe  
  33  3:48  Probe  
  33  3:53  Probe  
  36  4:03  Probe  
  36  4:05  Twilight Council  
  36  4:07  Probe  
  38  4:15  Probe  
  39  4:18  Probe  
  40  4:26  Probe  
  40  4:27  Probe  
  40  4:29  Gateway  
  42  4:33  Stalker  
  44  4:46  Templar Archives  
  44  4:47  Probe x2  
  46  4:56  Stalker  
  46  4:58  Stalker  
  46  4:59  Probe  
  51  5:06  Probe  
  52  5:11  Probe  
  52  5:13  Pylon  
  53  5:16  Pylon  
  53  5:18  Probe  
  54  5:26  Stalker, Gateway  
  54  5:28  Gateway  
  56  5:33  Zealot x2  
  60  5:40  Psionic Storm  
  60  5:58  Probe x2  
  60  6:03  Zealot  
  60  6:04  Zealot x2  
  66  6:07  Probe  
  66  6:10  Assimilator  
  69  6:12  Assimilator  
  69  6:15  Probe  
  69  6:24  Gateway  
  69  6:25  Probe  
  70  6:26  Gateway  
  70  6:28  High Templar x2  
  75  6:34  Gateway  
  75  6:37  Probe  
  76  6:49  Probe  
  76  6:53  Robotics Facility  
  77  6:54  Robotics Facility  
  77  7:03  Stalker x2  
  77  7:04  Stalker  
  83  7:17  Nexus  
  83  7:18  Forge x2  
  83  7:19  Charge  
  83  7:41  Shield Battery  
  83  7:42  Shield Battery  
  83  7:44  Observer  
  84  7:52  Pylon x2  
  84  7:56  High Templar  
  84  7:58  Pylon  
  86  8:02  Protoss Shields Level 1, Pylon  
  86  8:03  Protoss Ground Weapons Level 1  
  86  8:10  Probe x2  
  88  8:22  Probe  
  88  8:26  Robotics Bay  
  89  8:28  Immortal  
  89  8:30  Immortal  
  97  8:34  Zealot  
  97  8:35  Zealot x3  
  97  8:36  Probe  
  97  8:37  Probe x2  
  108  8:44  Probe  
  108  8:45  Probe x2  
  109  8:54  Probe  
  111  9:06  Stalker x4  
  111  9:07  Stalker x2  
  123  9:18  Probe x2  
  123  9:19  Observer  
  123  9:20  Observer  
  123  9:21  Probe  
  128  9:25  Assimilator  
  128  9:26  Probe  
  128  9:28  Assimilator  
  129  9:33  Blink, Probe  
  129  9:37  Observer x2  
  132  9:45  High Templar x2  
  130  10:23  Pylon x3  
  130  10:30  Nexus  
  130  10:34  Robotics Facility  
  130  10:37  Pylon  
  130  10:39  Pylon  
  130  10:40  Colossus x2  
  130  10:41  Pylon  
  130  10:42  Pylon  
  142  10:58  Stalker x3  
  148  11:04  Shield Battery  
  148  11:05  Shield Battery  
  148  11:06  Shield Battery  
  148  11:08  Shield Battery  
  148  11:11  Shield Battery  
  148  11:39  Nexus  
  148  11:41  Colossus  
  148  11:42  Pylon x2  
  160  11:49  Immortal  
  160  11:50  Immortal  
  162  11:59  Extended Thermal Lance  
  162  12:41  High Templar x5  
  162  12:42  High Templar  
  173  12:45  Probe  
  173  12:46  Probe x3  
  177  12:54  Archon x3  
  177  12:58  Probe x4  
  181  13:03  Protoss Shields Level 2  
  181  13:05  Protoss Ground Weapons Level 2  
  181  13:08  Observer  
  181  13:10  Probe x3  
  184  13:28  Observer  
  184  13:29  Observer x2  
  187  13:39  Gravitic Boosters  
  169  13:59  Warp Prism  
  169  14:00  Warp Prism  
  173  14:03  Probe  
  173  14:04  Zealot x3, Probe x3  
  173  14:05  Stalker x3  
  173  14:06  Probe  
  190  14:11  Probe  
  190  14:12  Probe x2  
  193  14:18  Probe  
  193  14:20  Assimilator  
  194  14:24  Assimilator  
  194  14:27  Assimilator x2  
  170  15:58  Zealot x3  
  170  15:59  Zealot, Stalker x2  
  170  16:00  High Templar x2  
  186  16:08  Immortal x3  
  192  16:27  Zealot x2, Stalker  
  192  16:28  Stalker  
  190  16:41  High Templar x2  
  190  16:42  High Templar x2  
  198  16:50  Archon x2  
  198  16:57  Protoss Ground Weapons Level 3  
  198  16:58  Protoss Shields Level 3  
  196  17:18  Zealot x2  
  193  19:27  Observer  
  193  20:37  Observer  
  193  21:57  Zealot x3  
Show
View Real Time Build Order
Export as new Build Order

Masaki Zerg - Winner!

Build Orders: Pool First 

Get SALT Encoding   

  12  0:01  Drone  
  13  0:46  Drone  
  13  0:47  Overlord  
  14  1:14  Drone x2  
  14  1:15  Drone  
  17  1:33  Drone  
  18  1:40  Extractor  
  18  1:46  Spawning Pool, Drone  
  17  1:49  Drone  
  18  2:08  Drone  
  19  2:23  Overlord x2  
  19  2:30  Extractor  
  18  2:39  Evolution Chamber  
  17  2:48  Zergling x4  
  19  3:26  Zergling x4  
  21  3:27  Zergling x2  
  22  3:50  Hatchery  
  21  3:55  Zergling x2  
  21  3:56  Zergling x2  
  23  4:05  Zerg Melee Weapons Level 1  
  23  4:12  Lair  
  23  4:20  Drone x2  
  23  4:22  Metabolic Boost  
  25  4:30  Drone  
  26  5:17  Hydralisk Den  
  26  5:18  Drone x2  
  26  5:19  Drone  
  28  5:41  Zergling x2  
  29  6:25  Zergling x6  
  32  6:29  Drone  
  32  6:30  Drone x2  
  35  6:39  Queen  
  37  6:59  Infestation Pit  
  36  7:14  Lurker Den  
  35  7:16  Drone x2  
  35  7:17  Drone  
  38  7:29  Hydralisk x3  
  44  9:25  Overlord x3  
  44  9:36  Spire  
  43  9:44  Zergling x2  
  44  9:52  Hatchery  
  43  9:59  Zergling x6  
  46  10:04  Drone x2  
  48  10:10  Overlord  
  48  10:22  Hive  
  48  10:25  Neural Parasite  
  48  10:30  Grooved Spines  
  48  10:38  Zerg Melee Weapons Level 2  
  48  10:52  Overlord x3  
  48  10:56  Hydralisk  
  48  10:57  Hydralisk  
  48  11:00  Zergling x2  
  53  11:07  Extractor  
  53  11:11  Drone  
  53  11:21  Muscular Augments  
  53  11:27  Zergling x6  
  53  11:30  Zergling x6  
  59  11:36  Pneumatized Carapace  
  59  11:54  Hydralisk x2  
  63  12:02  Extractor  
  63  12:05  Drone  
  63  12:20  Zergling x2, Burrow  
  63  12:21  Zergling x4  
  66  12:25  Mutalisk  
  68  12:43  Drone x3  
  71  12:54  Zerg Missile Weapons Level 1  
  71  12:55  Drone  
  31  13:55  Hydralisk x3  
  37  14:09  Drone  
  39  14:10  Ultralisk Cavern, Drone x2  
  39  14:12  Drone  
  39  14:14  Drone x3  
  43  14:57  Ultralisk x2  
  43  14:58  Ultralisk  
  61  15:04  Zergling x4  
  61  15:05  Zergling x2  
  61  15:06  Hydralisk  
  61  15:07  Hydralisk x2  
  70  15:22  Ultralisk  
  28  15:52  Ultralisk  
  28  15:55  Zergling x4  
  28  15:56  Zergling x2  
  37  16:00  Mutalisk  
  29  16:31  Zergling x6  
Show
View Real Time Build Order
Export as new Build Order

Nokigamer Terran - Winner!

Build Orders:  

Get SALT Encoding   

  12  1:21  Refinery  
  12  1:36  Refinery  
  12  2:00  Engineering Bay  
  12  2:59  Terran Infantry Weapons Level 1  
  12  4:33  Missile Turret  
  12  4:53  Hi-Sec Auto Tracking  
  12  5:12  Supply Depot  
  12  5:53  Barracks  
  13  6:49  Barracks Reactor  
  12  7:09  Barracks  
  12  7:15  SCV  
  13  7:27  SCV  
  14  7:39  SCV  
  16  7:51  SCV  
  16  8:02  Terran Infantry Armor Level 1  
  16  8:03  SCV  
  17  8:15  SCV  
  18  8:27  SCV  
  19  8:35  Barracks  
  19  8:56  Barracks Reactor  
  19  8:59  SCV  
  20  9:11  SCV  
  20  9:15  Reaper, Marine  
  23  9:44  Barracks  
  23  9:56  Neosteel Armor  
  23  10:31  Supply Depot  
  23  10:52  Marine x2  
  23  10:53  Reaper x2, SCV, Marine  
  29  11:05  SCV  
  29  11:11  Reaper, Barracks Tech Lab  
  31  11:33  Supply Depot  
  31  11:40  Supply Depot  
  31  11:54  Reaper x2, SCV, Barracks Reactor, Marine x2  
  36  12:12  Marine x2  
  38  12:26  Reaper x2  
  40  12:30  Reaper x2  
  42  12:42  Command Center  
  42  12:58  Marine  
  42  13:02  Supply Depot  
  43  13:06  Supply Depot  
  43  13:17  Marauder  
  45  13:20  Marine  
  45  13:21  Reaper  
  45  13:27  Reaper, Marine  
  47  13:30  Reaper, Marine  
  51  13:38  Marine, Marauder  
  54  13:44  Marine  
  54  13:48  Marine  
  56  13:53  Reaper  
  56  13:55  Bunker  
  57  13:56  Marine  
  57  13:59  Reaper  
  57  14:00  Marauder  
  57  14:02  Reaper, Marine  
  63  14:04  Orbital Command  
  63  14:05  Marine  
  64  14:14  Marine  
  65  14:19  SCV  
  65  14:20  Reaper  
  65  14:21  Marauder  
  65  14:23  Reaper  
  70  14:25  Marine  
  71  14:31  SCV, Marine  
  71  14:32  Marine  
  71  14:34  Marine  
  75  14:42  Marauder  
  75  14:43  SCV  
  78  15:00  Sensor Tower  
  78  15:05  Missile Turret  
  78  15:09  Sensor Tower  
  78  15:18  Missile Turret  
  78  15:22  Sensor Tower  
  78  15:26  Missile Turret  
  78  15:30  Sensor Tower  
  78  16:01  Refinery  
  78  16:30  Reaper, Marine x2  
  78  16:31  Reaper x2, SCV  
  78  16:32  SCV  
  77  16:33  Marauder  
  29  16:43  SCV  
  29  16:44  SCV  
  30  16:48  Marine  
  33  16:54  Marauder  
  33  16:56  SCV  
  34  17:02  Marine  
  34  17:03  Reaper  
  34  17:04  Reaper  
  34  17:05  Missile Turret  
  34  17:06  Marine  
  34  17:08  SCV  
  39  17:09  Sensor Tower  
  39  17:13  Missile Turret  
  41  17:16  Marauder  
  41  17:17  Sensor Tower  
  41  17:20  SCV, Marine  
  43  17:24  Reaper  
  44  17:35  Supply Depot  
  44  17:36  Reaper x2  
  48  17:37  Marauder  
  48  17:38  Marine  
  49  17:56  Marine  
  49  17:58  Marauder  
  29  18:08  Reaper x2  
  6  19:07  Supply Depot  
Show
View Real Time Build Order
Export as new Build Order

IA (Difícil) 3 Protoss - Winner!

Build Orders:  

Get SALT Encoding   

  12  0:01  Probe  
  13  0:13  Probe  
  14  0:20  Pylon  
  14  0:25  Probe  
  15  0:34  Probe  
  16  0:42  Probe  
  16  0:43  Gateway  
  16  0:49  Assimilator  
  17  0:52  Probe  
  18  1:00  Probe  
  18  1:02  Pylon  
  19  1:23  Probe  
  20  1:30  Zealot  
  20  1:32  Cybernetics Core  
  22  1:45  Gateway  
  22  1:48  Assimilator  
  22  1:58  Adept  
  22  2:03  Pylon  
  24  2:18  Warp Gate  
  24  2:28  Adept  
  26  2:32  Zealot  
  28  2:45  Pylon  
  28  2:53  Adept  
  28  2:58  Adept  
  32  3:11  Probe  
  33  3:17  Stalker  
  33  3:23  Probe  
  33  3:24  Pylon  
  36  3:28  Adept  
  38  3:35  Probe  
  39  3:43  Forge  
  39  3:46  Adept  
  39  3:47  Probe  
  42  3:58  Adept  
  42  3:59  Probe  
  45  4:08  Probe  
  46  4:54  Stalker, Protoss Ground Weapons Level 1  
  46  4:56  Gateway  
  48  5:00  Pylon  
  48  5:04  Stalker  
  50  5:15  Photon Cannon  
  50  5:17  Sentry  
  52  5:21  Robotics Facility  
  52  5:27  Stalker  
  54  5:31  Pylon  
  54  5:36  Stalker  
  54  5:39  Photon Cannon  
  56  5:50  Sentry  
  56  5:56  Stargate  
  58  5:59  Stalker  
  56  6:06  Observer  
  56  6:08  Zealot  
  47  6:17  Zealot  
  45  6:18  Observer  
  45  6:23  Nexus  
  46  6:27  Stalker  
  48  6:36  Adept  
  50  6:45  Adept, Protoss Ground Armor Level 1  
  52  6:55  Twilight Council  
  52  7:13  Forge  
  52  7:25  Blink  
  52  7:33  Probe  
  53  7:37  Probe  
  53  7:41  Probe  
  54  7:50  Assimilator, Probe x2  
  56  7:52  Pylon  
  56  7:55  Pylon  
  57  8:02  Probe x2  
  59  8:14  Probe x2  
  59  8:16  Photon Cannon  
  61  8:21  Photon Cannon  
  61  8:23  Probe  
  61  8:27  Probe  
  63  8:31  Probe  
  63  8:39  Probe  
  63  8:40  Probe  
  65  8:47  Gateway  
  66  8:50  Robotics Facility  
  66  8:54  Immortal  
  66  8:55  Stargate  
  70  9:06  Robotics Bay  
  70  9:23  Warp Prism  
  70  9:33  Observer  
  73  9:41  Assimilator  
  73  9:43  Zealot  
  73  9:44  Warp Prism  
  69  9:52  Zealot  
  57  9:56  Nexus  
  57  9:58  Warp Prism  
  57  10:02  Stalker  
  59  10:11  Sentry  
  61  10:20  Stalker  
  63  10:29  Zealot  
  65  10:39  Stalker  
  67  10:48  Disruptor  
  71  10:57  Stalker  
  73  11:07  Sentry  
  73  11:09  Probe  
  73  11:11  Probe  
  77  11:13  Probe  
  77  11:14  Immortal  
  77  11:18  Protoss Ground Weapons Level 2  
  82  11:21  Probe  
  82  11:23  Probe, Protoss Ground Armor Level 2  
  82  11:25  Probe, Immortal  
  89  11:33  Probe  
  89  11:38  Fleet Beacon  
  90  11:45  Disruptor  
  90  11:46  Probe  
  91  11:47  Probe  
  91  11:48  Probe  
  97  11:58  Probe  
  98  12:02  Probe  
  98  12:04  Probe  
  100  12:10  Probe  
  100  12:11  Pylon  
  100  12:13  Gravitic Boosters  
  100  12:14  Probe  
  102  12:16  Probe  
  102  12:19  Tempest  
  102  12:22  Probe  
  104  12:26  Probe  
  104  12:28  Probe  
  110  12:31  Protoss Air Weapons Level 1  
  110  12:34  Probe  
  111  12:39  Pylon  
  111  12:41  Pylon  
  111  12:45  Assimilator  
  111  12:51  Assimilator  
  111  12:56  Gravitic Drive  
  111  12:57  Templar Archives  
  111  13:04  Zealot  
  113  13:09  Photon Cannon  
  113  13:10  Photon Cannon  
  113  13:20  Adept  
  115  13:32  Protoss Shields Level 1  
  115  13:36  High Templar  
  115  13:38  Protoss Ground Weapons Level 3  
  115  13:40  Stalker  
  107  13:45  Stalker  
  83  13:49  Zealot, Immortal  
  89  14:01  Immortal  
  93  14:05  High Templar  
  93  14:09  Zealot  
  97  14:12  Psionic Storm  
  97  14:13  Zealot  
  99  14:18  Stalker  
  99  14:22  Archon  
  101  14:29  Sentry  
  103  14:34  High Templar  
  105  14:38  High Templar  
  105  14:39  Protoss Air Armor Level 1  
  107  14:47  Zealot  
  103  14:55  Zealot  
  103  14:57  Void Ray  
  107  15:03  Adept, Probe  
  107  15:04  Void Ray  
  107  15:05  Probe  
  107  15:06  Probe  
  101  15:07  Zealot  
  101  15:10  Zealot  
  87  15:15  Archon, Stalker  
  87  15:16  Probe  
  87  15:18  Probe  
  87  15:19  Immortal  
  93  15:22  Stalker  
  93  15:23  Photon Cannon  
  93  15:25  Nexus, Pylon  
  93  15:26  Stalker  
  93  15:28  Probe  
  98  15:30  Stalker  
  98  15:31  Probe  
  97  15:37  Zealot  
  97  15:40  Void Ray, Probe  
  83  15:45  Zealot  
  83  15:49  Stalker  
  63  15:53  Zealot  
  63  15:56  Zealot  
  55  16:05  High Templar  
  55  16:09  Stalker  
  50  16:13  Zealot  
  50  16:16  Stalker  
  40  16:32  Zealot  
  37  16:36  Zealot  
  37  16:39  Zealot  
  28  16:47  Zealot  
  28  16:51  Stalker  
  28  16:52  Nexus  
  28  16:55  Assimilator  
  28  17:00  Zealot  
  30  17:06  Zealot  
  27  17:47  Gateway  
  27  17:53  Probe  
  27  18:05  Probe  
  26  18:17  Probe  
  25  18:26  Probe  
  24  18:35  Probe  
  24  18:36  Nexus  
  24  18:43  Probe  
  24  18:46  Zealot  
  10  19:09  Zealot  
Tags
 
Add a new tag
Caveats
  • Supply blocks, unpowered buildings, or Contaminate may cause inaccurate times.
  • Supply counts are checked every 10 seconds.